 Dungeon Crawl Stone Soup version 0.18-a0-921-g28655ce (webtiles) character file.

4078 Duffy the Nimble (level 10, -6/108 HPs)
             Began as a High Elf Fire Elementalist on Dec 27, 2015.
             Was an Elder of Cheibriados.
             Mangled by an orc warrior
             ... wielding a +0 trident
              (16 damage)
             ... on level 9 of the Dungeon.
             The game lasted 00:15:29 (11479 turns).

Duffy the Nimble (High Elf Fire Elementalist)      Turns: 11479, Time: 00:15:29

Health: -6/108     AC: 25    Str: 20    XL:     10   Next: 5%
Magic:  24/32      EV:  2    Int: 28    God:    Cheibriados [****..]
Gold:   370        SH:  0    Dex: 28    Spells: 3 memorised, 9 levels left

rFire  + . .     SeeInvis .     J - staff of power
rCold  x . .     Gourm    .     (armour currently unavailable)
rNeg   + + +     Faith    .     (no shield)
rPois  +         Spirit   .     (helmet currently unavailable)
rElec  .         Dismiss  .     (cloak currently unavailable)
rCorr  .         Reflect  .     (gloves currently unavailable)
SustAt .         Harm     +     (boots currently unavailable)
MR     +....     NoTele   +     N - amulet of harm
Stlth  +++.......               V - ring of positive energy
                                w - ring of fire

@: tree-form, very slow, somewhat resistant to hostile enchantments, fairly
stealthy
A: no striking features
a: Bend Time, Temporal Distortion, Slouch, Renounce Religion


You were on level 9 of the Dungeon.
You worshipped Cheibriados.
Cheibriados was greatly pleased with you.
You were not hungry.
You were a tree.
You visited 2 branches of the dungeon, and saw 10 of its levels.
You also visited: Ossuary.

You collected 370 gold pieces.


   Skills:
 + Level 8.3 Fighting
 + Level 9.6 Dodging
 - Level 2.1 Stealth
 - Level 4.2 Spellcasting
 - Level 6.0 Conjurations
 - Level 6.0 Fire Magic


You had 9 spell levels left.
You knew the following spells:

 Your Spells              Type           Power        Failure   Level  Hunger
a - Flame Tongue          Conj/Fire      #####        1%          1    None
j - Sticky Flame          Conj/Fire      ######..     8%          4    ####...
l - Conjure Flame         Conj/Fire      ######..     1%          3    ##.....

Inventory:

Hand Weapons
 k - a +0 scimitar
 q - a +0 shortbow
 E - a +0 blowgun
Missiles
 i - 147 arrows
 j - 69 poisoned needles
 Q - 2 throwing nets (quivered)
 R - 4 tomahawks
Armour
 l - a +0 helmet (melded)
 m - a +2 cloak (melded)
 z - a +1 leather armour of poison resistance (melded)
 K - a +0 pair of gloves (melded)
 W - a +0 ring mail
Magical Staves
 J - an uncursed staff of power (weapon)
Jewellery
 v - an uncursed ring of sustain attributes
 w - a ring of fire (left branch)
 M - an uncursed ring of poison resistance
 N - an amulet of harm (around neck)
 T - an uncursed ring of wizardry
 V - a ring of positive energy (right branch)
Wands
 r - a wand of teleportation (5/9)
 t - a wand of slowing (6/48)
 O - a wand of disintegration (9/24)
 S - a wand of lightning (8/15)
 U - a wand of confusion (24/48)
Scrolls
 f - 2 scrolls of magic mapping
 n - 2 scrolls of recharging {unknown}
 u - 3 scrolls of teleportation {unknown}
 y - a scroll of enchant armour {unknown}
 B - 4 scrolls of remove curse
 F - a scroll of fog {unknown}
 I - 2 scrolls of blinking {unknown}
 L - a scroll of fear {unknown}
 P - 2 scrolls of amnesia
Potions
 d - a potion of brilliance
 e - 5 potions of curing
 g - 3 potions of agility
 h - a potion of might
 o - a potion of cure mutation
 x - a potion of invisibility
 A - 2 potions of flight
 D - a potion of ambrosia
 Y - a potion of heal wounds {unknown}
Books
 b - a book of Flames
Comestibles
 a - 8 chunks of flesh
 c - 4 bread rations
 p - 3 beef jerkies
 C - 3 meat rations
 G - 8 fruits
 H - 9 slices of pizza

Dungeon Overview and Level Annotations

Branches:
Dungeon (9/15)             Temple (1/1) D:5
   Lair: D:8-11         Orc: D:9-12

Altars:
Ashenzari
Cheibriados
Dithmenos
Elyvilon
Fedhas
Gozag
Kikubaaqudgha
Makhleb
Nemelex Xobeh
Okawaru
Qazlal
Ru
Sif Muna
Trog
Vehumet
Xom
Yredelemnul
Zin
The Shining One


Message History

The centaur is moderately wounded.
The centaur is covered in liquid flames!
The centaur burns!
The centaur misses you.
The orc priest calls down the wrath of Beogh upon you.
Pain shoots through your body!
Cast which spell? (? or * to list)
Aiming: Flame Tongue
Press: ? - help, Shift-Dir - straight line, f/p - centaur
Aim: a centaur (heavily wounded, covered in liquid flames)
You feel a surge of power!
The flame tongue hits the centaur.
The centaur appears unharmed.
The centaur is heavily wounded.
The centaur burns!
The centaur hits you. The orc priest barely misses you. The centaur misses you.
Cast which spell? (? or * to list)
Aiming: Flame Tongue
Press: ? - help, Shift-Dir - straight line, f/p - centaur
Aim: a centaur (severely wounded, covered in liquid flames)
You feel a surge of power!
The flame tongue hits the centaur.
The centaur is almost dead.
The centaur burns!
You kill the centaur!
Cheibriados thoroughly appreciates the change of pace.
The orc priest completely misses you.
Drink which item? (? for menu, Esc to quit)
You turn into a tree.
Your +2 cloak melds into your body.
Your +0 helmet melds into your body.
Your +0 pair of gloves melds into your body.
Your +1 leather armour of poison resistance melds into your body.
Your roots penetrate the ground.
The quokka zombie bites you but does no damage.
The orc priest hits you but does no damage.
The quokka zombie bites you but does no damage.
The orc warrior hits you from afar with a trident!
You die... ...#.............. #.#...........# o #...(......%..# .o #........#....# .oo

#.(......#...$#
....######........#....#
..Zo....##.....)..######
......#(##(.......#
.......ooo7.......#
......#.#Z.((.....#
........##........#
........##........#
........##........#
......).##.......##
........####+#.....
........ ..... ..


You could see an orc warrior, an orc priest, an orc and a quokka zombie.

Action                   |  1- 3 |  4- 6 |  7- 9 | 10-12 || total
-------------------------+-------+-------+-------+-------++-------
Melee: Dagger            |    38 |    51 |    12 |       ||   101
       Scimitar          |       |       |    31 |       ||    31
       Staff             |       |       |     2 |       ||     2
 Cast: Flame Tongue      |    54 |    85 |   375 |    11 ||   525
       Conjure Flame     |       |     2 |    14 |       ||    16
       Sticky Flame      |       |       |    10 |     1 ||    11
  Use: Scroll            |       |       |    16 |       ||    16
       Potion            |       |       |       |     1 ||     1
 Stab: Sleeping          |     2 |     5 |     1 |       ||     8
  Eat: Chunk             |     4 |     9 |    15 |       ||    28
       Fruit             |       |       |     2 |       ||     2

Notes
Turn   | Place    | Note
--------------------------------------------------------------
     0 | D:1      | Duffy the High Elf Fire Elementalist began the quest for the Orb.
     0 | D:1      | Reached XP level 1. HP: 11/11 MP: 4/4
   378 | D:1      | Reached skill level 2 in Conjurations
   714 | D:1      | Reached XP level 2. HP: 17/17 MP: 4/6
  1111 | D:2      | Noticed Robin
  1514 | D:1      | Reached skill level 3 in Conjurations
  1631 | D:2      | Killed Robin
  1631 | D:2      | Reached XP level 3. HP: 14/21 MP: 1/7
  1844 | D:2      | Learned a level 3 spell: Conjure Flame
  2146 | D:2      | Found a glowing silver altar of Zin.
  2171 | D:2      | Noticed Natasha
  2186 | D:2      | Killed Natasha
  2186 | D:2      | Reached XP level 4. HP: 3/27 MP: 6/8
  2490 | D:2      | Noticed Natasha
  2503 | D:2      | Killed Natasha
  2503 | D:2      | Reached skill level 4 in Fire Magic
  2537 | D:2      | Noticed Natasha
  2589 | D:2      | Killed Natasha
  2589 | D:2      | Reached skill level 4 in Conjurations
  2589 | D:2      | Reached XP level 5. HP: 31/31 MP: 3/9
  2598 | D:2      | Learned a level 4 spell: Sticky Flame
  3706 | D:3      | Found a deep blue altar of Sif Muna.
  3739 | D:3      | Found a blossoming altar of Fedhas.
  4036 | D:4      | Reached XP level 6. HP: 20/36 MP: 2/11
  4233 | D:4      | Found an ancient bone altar of Kikubaaqudgha.
  4308 | D:4      | Reached skill level 3 in Spellcasting
  4308 | D:4      | Reached skill level 5 in Conjurations
  4308 | D:4      | Reached skill level 5 in Fire Magic
  4525 | D:4      | Found a stormy altar of Qazlal.
  4540 | D:4      | Found a shadowy altar of Dithmenos.
  4973 | D:4      | Reached XP level 7. HP: 41/41 MP: 7/13
  5322 | D:5      | Entered Level 5 of the Dungeon
  5496 | D:5      | Found a sacrificial altar of Ru.
  5555 | D:5      | Reached skill level 6 in Conjurations
  5605 | D:5      | Reached skill level 6 in Fire Magic
  5678 | D:5      | Found a shattered altar of Ashenzari.
  5755 | D:5      | Reached skill level 4 in Spellcasting
  5908 | D:5      | Found a staircase to the Ecumenical Temple.
  5913 | Temple   | Entered the Ecumenical Temple
  6050 | D:5      | Reached skill level 1 in Fighting
  6248 | D:5      | Reached skill level 3 in Dodging
  6287 | D:5      | Reached skill level 2 in Fighting
  6303 | D:5      | Found a white marble altar of Elyvilon.
  6606 | D:6      | Reached XP level 8. HP: 49/51 MP: 15/15
  6760 | D:6      | Reached skill level 3 in Fighting
  6760 | D:6      | Reached skill level 4 in Dodging
  6955 | D:5      | Reached skill level 4 in Fighting
  7135 | D:6      | Reached skill level 5 in Dodging
  7250 | D:6      | Noticed Prince Ribbit
  7253 | D:6      | Killed Prince Ribbit
  7504 | D:6      | Found an iron altar of Okawaru.
  7527 | D:6      | Found a snail-covered altar of Cheibriados.
  7550 | D:6      | Became a worshipper of Cheibriados the Contemplative
  7588 | D:6      | Reached skill level 5 in Fighting
  7826 | D:7      | Reached skill level 6 in Dodging
  7996 | D:7      | Reached * piety under Cheibriados
  8097 | D:7      | Found a sand-covered staircase.
  8106 | Ossuary  | Entered an ossuary
  8335 | Ossuary  | Reached ** piety under Cheibriados
  8499 | Ossuary  | Reached XP level 9. HP: 58/62 MP: 16/16
  8883 | D:7      | Reached skill level 6 in Fighting
  8890 | D:7      | Reached skill level 7 in Dodging
  8933 | D:7      | Found a shadowy altar of Dithmenos.
  9153 | D:7      | Found a basalt altar of Yredelemnul.
  9382 | D:7      | Reached *** piety under Cheibriados
  9614 | D:7      | Reached skill level 7 in Fighting
  9614 | D:7      | Reached skill level 8 in Dodging
 10303 | D:6      | Reached **** piety under Cheibriados
 10943 | D:5      | Reached skill level 9 in Dodging
 11081 | D:8      | Reached skill level 8 in Fighting
 11443 | D:9      | Reached XP level 10. HP: 72/72 MP: 17/17
 11449 | D:9      | Found a burning altar of Makhleb.
 11479 | D:9      | Mangled by an orc warrior

Vault maps used:
D:1:      dpeg_arrival_tiny_j
D:2:      nicolae_overflow_crystal_walls, uniq_natasha, uniq_robin
D:3:      lemuel_coloured_pillars_altar, first_bread, fedhas_altar_fruit_tree
D:4:      kennysheep_mini, lemuel_doored_altar, grunt_dithmenos_shadows
D:5:      marbit_many_paths, evilmike_ruin_ashenzari,
          minmay_temple_entry_statues_pillars, nicolae_ru_path_of_blood
D:6:      slow_altar_2, basic_altar, uniq_prince_ribbit1
D:7:      kennysheep_little_box, nicolae_ossuary_entry_giza, grunt_livestock,
          lemuel_altar_in_water2
D:8:      grunt_pakellas_mercury, okawaru_gym_becter, erik_lair_island,
          trog_butcher_becter, uniq_erolcha, uniq_grum
D:9:      kennysheep_mini_moat, lemuel_crystal_altar, uniq_pikel
Temple:   zaba_magenta_temple_8
Ossuary:  ossuary_tomb_1

Vanquished Creatures
  A two-headed ogre Prince Ribbit
  A hippogriff
  A hog
  A human
  4 ogres
  An orc warrior
  2 phantoms
  4 centaurs
  A big kobold
  2 elf zombies
  A gnoll sergeant
  5 giant frogs
  A jelly
  A scorpion
  8 wights
  4 crimson imps
  A giant frog zombie
  A human zombie
  3 centaur zombies
  2 orc wizards
  3 hounds
  Natasha (thrice)
  2 centaur skeletons
  An orc priest
  3 iguanas
  5 worker ants
  A killer bee zombie
  3 sheep
  3 mummies Robin
  A worker ant zombie
  8 adders
  19 gnolls
  A shadow imp
  3 oozes
  An adder zombie
  2 adder skeletons
  4 worms
  12 orcs
  4 ball pythons
  4 bats
  7 giant cockroaches
  14 goblins
  7 hobgoblins
  13 kobolds
  8 quokkas
  A giant gecko
  4 giant newts
  2 goblin zombies
  10 hobgoblin zombies
  2 jackal zombies
  10 kobold zombies
  10 orc zombies
  A quokka zombie
  10 rats
229 creatures vanquished.
